 Dungeon Crawl Stone Soup version 0.22-a0-612-gd2f0174 (webtiles) character file.

3 digijack the Sneak (level 1, -5/13 HPs)
             Began as a Gnoll Wanderer on July 11, 2018.
             Slain by a hobgoblin
             ... wielding a +0 club
              (7 damage)
             ... on level 1 of the Dungeon.
             The game lasted 00:01:00 (127 turns).

digijack the Sneak (Gnoll Wanderer)                  Turns: 127, Time: 00:01:01

Health: -5/13      AC:  2    Str: 13    XL:     1   Next: 50%
Magic:  4/4        EV: 11    Int: 15    God:
Gold:   0          SH:  0    Dex: 14    Spells: 4/5 levels left

rFire    . . .     SeeInvis .   b - +0 falchion
rCold    . . .     Gourm    .   (no shield)
rNeg     . . .     Faith    .   d - +0 robe
rPois    .         Spirit   .   (no helmet)
rElec    .         Reflect  .   (no cloak)
rCorr    .         Harm     .   (no gloves)
MR       .....                  (no boots)
Stlth    ++++......             (no amulet)
HPRegen  0.04/turn              (no ring)
MPRegen  0.09/turn              (no ring)

@: no status effects
A: distributed training, fangs 1, strong nose
a: no special abilities


You were on level 1 of the Dungeon.
You were not hungry.

You visited 1 branch of the dungeon, and saw 1 of its levels.

Inventory:

Hand Weapons
 b - a +0 falchion (weapon)
 e - a +0 dagger
Armour
 d - a +0 robe (worn)
Comestibles
 a - a chunk of flesh
 f - a ration


   Skills:
 + Level 0.0 Fighting
 + Level 4.4 Short Blades
 + Level 0.0 Long Blades
 + Level 0.0 Axes
 + Level 0.0 Maces & Flails
 + Level 0.0 Polearms
 + Level 0.0 Staves
 + Level 0.0 Slings
 + Level 0.0 Bows
 + Level 0.0 Crossbows
 + Level 0.0 Throwing
 + Level 0.0 Armour
 + Level 0.0 Dodging
 + Level 7.7 Stealth
 + Level 2.3 Shields
 + Level 0.0 Unarmed Combat
 + Level 2.6 Spellcasting
 + Level 0.0 Conjurations
 + Level 0.0 Hexes
 + Level 0.0 Charms
 + Level 0.0 Summonings
 + Level 0.0 Necromancy
 + Level 0.0 Translocations
 + Level 0.0 Transmutations
 + Level 1.9 Fire Magic
 + Level 0.0 Ice Magic
 + Level 0.0 Air Magic
 + Level 1.9 Earth Magic
 + Level 0.0 Poison Magic
 + Level 0.1 Invocations
 + Level 0.0 Evocations


You had 4 spell levels left.
You knew the following spells:

 Your Spells              Type           Power        Failure   Level  Hunger
a - Flame Tongue          Conj/Fire      #....        14%         1    #......

Your spell library contained the following spells:

 Spells                   Type           Power        Failure   Level  Hunger
 Fireball                 Conj/Fire      #.........   98%         5    ######.
 Conjure Flame            Conj/Fire      #.......     38%         3    ###....
 Throw Flame              Conj/Fire      #.....       22%         2    ###....
 Sticky Flame             Conj/Fire      #.......     80%         4    #####..
 Stone Arrow              Conj/Erth      #.....       38%         3    ###....
 Sandblast                Erth           #.....       10%         1    #......
 Inner Flame              Hex/Fire       #.......     38%         3    ###....


Dungeon Overview and Level Annotations

Branches:
Dungeon (1/15)

Altars:


Innate Abilities, Weirdness & Mutations

Your experience applies equally to all skills.
You have very sharp teeth.
Your uncanny sense of smell can sniff out nearby items.


Message History

You barely miss the bat. You hit the bat but do no damage.
The bat hits you but does no damage.
You barely miss the frilled lizard. Your bite misses the frilled lizard.
The frilled lizard completely misses you.
You riposte.
You slash the frilled lizard!
You kill the frilled lizard!
You hit the hobgoblin.
The hobgoblin is severely wounded.
The hobgoblin hits you with a club.
* * * LOW HITPOINT WARNING * * *
The hobgoblin closely misses you.
You hit the hobgoblin.
The hobgoblin is almost dead.
The hobgoblin hits you with a club.
* * * LOW HITPOINT WARNING * * *
You closely miss the hobgoblin.
The hobgoblin is almost dead.
The hobgoblin hits you with a club!
Ouch! That really hurt!
You die...

##.##
##..#.##.#.#.#
...##.#.#.#
######.##.#.#.#
..........#.#.#
...#.......#
+.......#
#.b.....#
##g##+#.#
#@...#.#
######.#∆ ∆


You could see a hobgoblin and a bat.

Vanquished Creatures
  A kobold (D:1)
  A bat (D:1)
  A frilled lizard (D:1)
  A rat (D:1)
4 creatures vanquished.

Notes
Turn   | Place    | Note
-------+----------+-------------------------------------------
     0 | D:1      | digijack the Gnoll Wanderer began the quest for the Orb.
     0 | D:1      | digijack set off with: a +0 falchion, a +0 robe, a +0 dagger, a ration
     0 | D:1      | Reached XP level 1. HP: 13/13 MP: 4/4
     2 | D:1      | Learned a level 1 spell: Flame Tongue
   127 | D:1      | Slain by a hobgoblin

Vault maps used:
D:1:      eino_arrival_water_star

Action                   || total
-------------------------++-------
Melee: Falchion          ||    12
       Bite              ||     2
  Use: Scroll            ||     2
 Stab: Sleeping          ||     2
Armor: Robe              ||     3
Dodge: Dodged            ||    11
       Rpst.: Falchion   ||     4

Table legend:
 A = Spawn XP
 B = Non-spawn XP
 C = Spawn XP percentage of total XP
 D = Spawn monster count
 E = Non-spawn monster count
 F = Spawn count percentage of total count
 G = Total turns spent on level
                    A         B        C        D         E        F      G
               +---------+---------+-------+---------+---------+-------+---------
         Total |       0 |       5 |   0.0 |       0 |       4 |   0.0 |   127
               +---------+---------+-------+---------+---------+-------+---------
           D:1 |       0 |       5 |   0.0 |       0 |       4 |   0.0 |   127
               +---------+---------+-------+---------+---------+-------+---------
